 Seeded DCSS version 0.30.1-9-gdf580d7c3d (webtiles) character file.

Game seed: 7229806256980976716 (custom seed)

969 Psyclone the Digger (level 8, 57/57 HPs)
             Began as a Meteoran Earth Elementalist on Oct 16, 2023.
             Quit the game in an ossuary.
             The game lasted 00:01:50 (1132 turns).

Psyclone the Digger (Meteoran Earth Elementalist)   Turns: 1132, Time: 00:01:50

Health: 57/57      AC:  4    Str:  8    XL:     8   Next: 65%
Magic:  20/20      EV: 12    Int: 23    God:
Gold:   3902       SH:  0    Dex: 14    Spells: 15/21 levels left

rFire   . . .        p - staff of earth
rCold   . . .        (no shield)
rNeg    . . .        a - +0 robe
rPois   .            (no helmet)
rElec   .            (no cloak)
rCorr   .            n - +0 pair of gloves
SInv    .            (no boots)
Will    +....        (no amulet)
Stlth   +            (no ring)
HPRegen 0.29/turn    (no ring)
MPRegen 0.17/turn

%: no passive effects
@: glowing
A: sense surroundings 1, otherworldly, glowing, explore regen, iridescent scales
1, clever 1, deformed body, deterioration 1, inability to drink after injury 1,
noise suppression
a: no special abilities


You were in an ossuary.
You visited 1 branch of the dungeon, and saw 4 of its levels.
You also visited: Ossuary.

You collected 3902 gold pieces.

Inventory:

Missiles
 d - a throwing net {!f}
Armour
 a - a +0 robe (worn)
 n - a +0 pair of gloves (worn)
Magical Staves
 p - a staff of earth (weapon)
Scrolls
 c - 3 scrolls of amnesia {unknown}
 e - 2 scrolls of identify {unknown}
 f - 2 scrolls of blinking {unknown}
 h - a scroll of enchant armour {unknown}
 l - a scroll of poison {unknown}
Potions
 b - a potion of magic
 g - a potion of might {unknown}
 i - 3 potions of curing {unknown}
 j - a potion of invisibility {unknown}
 k - a potion of brilliance {unknown}
 o - 2 potions of cancellation {unknown}
 q - a potion of attraction {unknown}
 r - 2 potions of flight {unknown}
 s - a potion of heal wounds {unknown}


   Skills:
 - Level 2.4 Dodging
 - Level 1.4 Stealth
 * Level 7.4 Spellcasting
 + Level 4.9 Transmutations
 * Level 7.8 Earth Magic


You had 15 spell levels left.
You knew the following spells:

 Your Spells              Type           Power      Damage    Failure   Level
a - Sandblast             Erth           100%       2d20      1%          1
b - Passwall              Tmut/Erth      45%        N/A       1%          2
c - Stone Arrow           Conj/Erth      78%        3d11      4%          3

Your spell library contained the following spells:

 Spells                   Type           Power      Damage    Failure   Level
 Petrify                  Tmut/Erth      54%        N/A       5%          4
 Cigotuvi's Dreadful Rot  Necr/Pois/Air  16%        N/A       11%         2
 Poisonous Vapours        Pois/Air       16%        N/A       11%         2
 Mephitic Cloud           Conj/Pois/Air  8%         N/A       22%         3
 Dispel Undead            Necr           8%         3d8       58%         4
 Freezing Cloud           Conj/Ice/Air   4%         6-21      90%         5
 Death Channel            Necr           4%         N/A       100%        6


Dungeon Overview and Level Annotations

Branches:
Dungeon (4/15) Zot: 1624   Temple (0/1) D:4         Ossuary (1/1) Zot: 193

Altars:
Elyvilon
Qazlal

Annotations:
D:3 3 runed translucent doors


Innate Abilities, Weirdness & Mutations

You passively map a small area around you.
You are easily found by Zot.
You glow in the dark.
You regain HP and MP as you explore.
You are partially covered in iridescent scales. (AC +2)
Your mind is acute. (Int +4, Str/Dex -1)
Armour fits poorly on your strangely shaped body.
Your body sometimes deteriorates upon taking damage.
You occasionally lose the ability to drink potions when taking damage.
You passively dampen the noise of your surroundings.


Message History

Health restored: 62 You regained 2 mp, and now have 16/20 mp.
You start waiting.
Magic restored.
MP restored: 20 You open the door.
A killer bee zombie comes into view.
Casting: Sandblast (safe; 1% risk of failure)
Confirm with . or Enter, or press ? or * to list all spells.
Aiming: Sandblast (safe; 1% risk of failure)
Press: ? - help, Shift-Dir - straight line, f - killer bee zombie
Aim: a killer bee zombie (wandering, hasn't noticed you, 80% to hit)
You feel a surge of power!
The blast of sand hits the killer bee zombie!!
The killer bee zombie is severely damaged.
The killer bee zombie hits you.
The killer bee zombie hits you but does no damage.
You take 3 damage, and have 59/62 hp.
You now have 19/20 mp.
Casting: Sandblast (safe; 1% risk of failure)
Confirm with . or Enter, or press ? or * to list all spells.
Aiming: Sandblast (safe; 1% risk of failure)
Press: ? - help, Shift-Dir - straight line, f/p - killer bee zombie
Aim: a killer bee zombie (severely damaged, 80% to hit)
You feel a surge of power!
The blast of sand hits the killer bee zombie!!
You destroy the killer bee zombie!
You now have 18/20 mp.
You start waiting.
HP restored.
Health restored: 62; MP restored: 20 Really quaff the potion of mutation?
You feel extremely strange.
You feel frail.
Your magical essence no longer links to wands of the dungeon.
You regain control of your magic.
Your body twists and deforms.
You occasionally lose the ability to drink potions when taking damage.
You feel yourself wasting away.
You take 5 damage, and have 57/57 hp.
Unknown command.
Are you sure you want to abandon this character and quit the game? (Confirm with "yes".)

#*##
#~#~############
###~.~P~.#.#.#.#.# *
~
#~~~.#~~~#'#'#'#'###
#.~~.~~~..@.....'.#
###~#####.#####.###
'~ , #.#...#.'.#
*,',, #.#.∩.'.### ~
,* #.#∩..#.'.#
*#.#####.### '.'
#.'.'.# *#.# ###.###
~ , , , , ,#.'


There were no monsters in sight!

Vanquished Creatures
  2 hornet zombies (Ossuary)
  A scorpion (D:4)
  2 wyvern zombies (Ossuary)
  2 water moccasin zombies (Ossuary)
  2 bullfrog zombies (Ossuary)
  2 centaur zombies (Ossuary)
  A jelly (D:2)
  A sleepcap (D:4)
  3 killer bee zombies (Ossuary)
  12 mummies
  A howler monkey zombie (Ossuary)
  3 adders
  A worm (D:3)
  2 ball pythons
  2 bats
  An endoplasm (D:2)
  4 giant cockroaches
  A goblin (D:4)
  4 hobgoblins
  6 jackals
  A kobold (D:4)
  2 quokkas
  A frilled lizard (D:1)
  A goblin zombie (D:4)
  An orc zombie (D:4)
  3 rats
62 creatures vanquished.

Notes
Turn   | Place    | Note
-------+----------+-------------------------------------------
     0 | D:1      | Psyclone the Meteoran Earth Elementalist began the quest
                  | for the Orb.
     0 | D:1      | Reached XP level 1. HP: 14/14 MP: 5/5
    64 | D:1      | Identified 3 scrolls of acquirement
    64 | D:1      | Acquired 1248 gold pieces
    65 | D:1      | Acquired 1275 gold pieces
    88 | D:1      | Acquired 1252 gold pieces
   159 | D:1      | Reached XP level 2. HP: 20/20 MP: 3/6
   193 | D:1      | Gained mutation: You are partially covered in iridescent
                  | scales. (AC +2) [potion of mutation]
   193 | D:1      | Gained mutation: You expend magic power (3 MP) to
                  | strengthen your wands. [potion of mutation]
   193 | D:1      | Gained mutation: You have hidden genetic potential. [potion
                  | of mutation]
   193 | D:1      | Gained mutation: You have great hidden genetic potential.
                  | [potion of mutation]
   301 | D:2      | Reached XP level 3. HP: 26/26 MP: 6/8
   325 | D:2      | Reached XP level 4. HP: 33/33 MP: 5/10
   328 | D:2      | Learned a level 2 spell: Passwall
   328 | D:2      | Gained mutation: You passively dampen the noise of your
                  | surroundings. [hidden potential]
   332 | D:2      | Learned a level 3 spell: Stone Arrow
   460 | D:3      | Found a runed translucent gate.
   460 | D:3      | Found a runed translucent gate.
   460 | D:3      | Found a runed translucent gate.
   527 | D:4      | Noticed a scorpion
   532 | D:4      | Killed a scorpion
   533 | D:4      | Reached skill level 5 in Earth Magic
   533 | D:4      | Reached XP level 5. HP: 38/38 MP: 8/12
   534 | D:4      | Gained mutation: You are robust. (+10% HP) [hidden
                  | potential]
   534 | D:4      | Lost mutation: You have great hidden genetic potential.
                  | [hidden potential expressed]
   588 | D:4      | Found a white marble altar of Elyvilon.
   600 | D:4      | Reached XP level 6. HP: 49/49 MP: 12/14
   676 | D:4      | Found a staircase to the Ecumenical Temple.
   692 | D:4      | Found a stormy altar of Qazlal.
   750 | D:4      | Found a sand-covered staircase.
   755 | Ossuary  | Entered an ossuary
   763 | Ossuary  | Reached skill level 5 in Spellcasting
   772 | Ossuary  | Gained mutation: Your mind is acute. (Int +4, Str/Dex -1)
                  | [hidden potential]
   776 | Ossuary  | Reached XP level 7. HP: 44/55 MP: 6/16
   912 | Ossuary  | Gained mutation: Your spells are a little harder to cast,
                  | but a little more powerful. [hidden potential]
   912 | Ossuary  | Lost mutation: You have hidden genetic potential. [hidden
                  | potential expressed]
   969 | Ossuary  | Reached XP level 8. HP: 39/62 MP: 14/18
  1131 | Ossuary  | Lost mutation: You are robust. (+10% HP) [potion of
                  | mutation]
  1131 | Ossuary  | Lost mutation: You expend magic power (3 MP) to strengthen
                  | your wands. [potion of mutation]
  1131 | Ossuary  | Lost mutation: Your spells are a little harder to cast, but
                  | a little more powerful. [potion of mutation]
  1131 | Ossuary  | Gained mutation: Armour fits poorly on your strangely
                  | shaped body. [potion of mutation]
  1131 | Ossuary  | Gained mutation: You occasionally lose the ability to drink
                  | potions when taking damage. [potion of mutation]
  1131 | Ossuary  | Gained mutation: Your body sometimes deteriorates upon
                  | taking damage. [potion of mutation]
  1132 | Ossuary  | Quit the game

Illustrated notes

Levels and vault maps discovered:
D:1:      spicycebolla_arrival_ecumenical, layout_loops_ring
D:2:      layout_basic
D:3:      layout_rooms, mainiacjoe_overflow_paths, gammafunk_ghost_necromancy
D:4:      layout_rooms, tso_metal_star, mainiacjoe_overflow_catwalk,
          elyvilon_altar_5, minmay_temple_entry_stoned_glass,
          nicolae_ossuary_entry_giza, minmay_misc_feat_square, minivault_4
Ossuary:  ossuary_zaba_flooded

Skill      XL: |  1  2  3  4  5  6  7  8 |
---------------+-------------------------+-----
Spellcasting   | 3 4 5 6 7 |  7.4
Earth Magic    | 4 5 6 7 |  7.8
Transmutations | 2 3 4 |  4.9
Dodging        | |  2.4
Stealth        | |  1.4

Action                     |  1- 3 |  4- 6 |  7- 9 || total
---------------------------+-------+-------+-------++-------
   Cast: Sandblast         |    13 |    41 |    43 ||    97
         Passwall          |       |     4 |       ||     4
    Use: Scroll            |     3 |       |       ||     3
         Potion            |     1 |       |     1 ||     2
 Armour: Robe              |       |     3 |    10 ||    13
  Dodge: Dodged            |     1 |     3 |    12 ||    16
